 Dungeon Crawl Stone Soup version 0.31-a0-230-g09eb5fc4d3 (webtiles) character file.

Game seed: 12443245194728606338

34 qw the Shooter (level 3, -3/29 HPs)
             Began as a Minotaur Hexslinger on July 6, 2023.
             Slain by Sigmund
             ... wielding a +2 scythe of venom
              (13 damage)
             ... on level 2 of the Dungeon.
             The game lasted 00:00:16 (815 turns).

qw the Shooter (Minotaur Hexslinger)                 Turns: 815, Time: 00:00:17

Health: -3/29      AC:  2    Str: 12    XL:     3   Next: 14%
Magic:  3/3        EV: 12    Int: 10    God:
Gold:   49         SH:  0    Dex: 14    Spells: 3/4 levels left

rFire   . . .        Y - +1 sling (flame)
rCold   . . .        (no shield)
rNeg    . . .        c - +0 robe
rPois   .            (helmet restricted)
rElec   .            (no cloak)
rCorr   .            (no gloves)
SInv    .            (no boots)
Will    .....        (no amulet)
Stlth   +            (no ring)
HPRegen 0.24/turn    (no ring)
MPRegen 0.08/turn

%: no passive effects
@: lethally poisoned (-3 -> -10)
A: horns 2, retaliatory headbutt
a: no special abilities


You were on level 2 of the Dungeon.
You visited 1 branch of the dungeon, and saw 2 of its levels.

You collected 49 gold pieces.


Innate Abilities, Weirdness & Mutations

You have a pair of horns on your head.
You reflexively headbutt those who attack you in melee.


   Skills:
 - Level 2.0 Fighting
 + Level 3.7 Ranged Weapons
 - Level 2.1 Dodging
 - Level 1.0 Spellcasting
 - Level 2.0 Hexes


You had 3 spell levels left.
You knew the following spells:

 Your Spells              Type           Power      Damage    Failure   Level
a - Slow                  Hex            16%        N/A       16%         1

Your spell library contained the following spells:

 Spells                   Type           Power      Damage    Failure   Level
 Inner Flame              Hex/Fire       2%         N/A       56%         3
 Portal Projectile        Hex/Tloc       4%         N/A       56%         3
 Cause Fear               Hex            2%         N/A       83%         4

Inventory:

Hand Weapons
 Y - a +1 sling of flaming (weapon)
Armour
 c - a +0 robe (worn)
Potions
 a - a potion of invisibility {unknown}
 d - 2 potions of curing
 h - a potion of ambrosia {unknown}

Dungeon Overview and Level Annotations

Branches:
Dungeon (2/15)

Altars:

Annotations:
D:2 Sigmund


Message History

The frilled lizard bites you but does no damage.
You shoot a sling bullet.
The sling bullet hits the frilled lizard!
The sling bullet burns the frilled lizard.
You kill the frilled lizard!
You see here a +0 dagger.
Found a stone staircase leading down.
a - a smoky grey potion
Found a stone staircase leading up.
A jackal comes into view.
The jackal barks!
You hear a shout!
A jackal comes into view.
You shoot a sling bullet.
The sling bullet barely misses the jackal.
The jackal barks!
Sigmund the Dreaded comes into view.
He is wielding a +2 scythe of venom and carrying a wand of digging (3).
You shoot a sling bullet.
The sling bullet closely misses the jackal. x2
A hobgoblin comes into view.
Sigmund points at you and mumbles some strange words.
The magic dart hits you.
You shoot a sling bullet.
The sling bullet closely misses the jackal.
You shoot a sling bullet. The sling bullet misses the jackal.
The sling bullet closely misses the jackal.
You shoot a sling bullet.
The sling bullet closely misses the jackal. x2
The jackal misses you. You furiously retaliate!
You headbutt the jackal!
You kill the jackal!
The jackal barely misses you.
You shoot a sling bullet. The sling bullet hits the jackal.
The sling bullet burns the jackal.
You kill the jackal!
Sigmund hits you from afar with a +2 scythe of venom!
You are poisoned.
You shoot a sling bullet. The sling bullet barely misses Sigmund.
The sling bullet closely misses the hobgoblin.
You feel very sick.
Sigmund hits you from afar with a +2 scythe of venom!
You die...

. ...
###############.....
#...........@%@g....
#.#####.....###.....
##<##.###.# #.#
#......##.#.
#####..##...
#..##..# #..##..#
#.#####..##..#
#........##.##


You could see Sigmund and a hobgoblin.

Vanquished Creatures
  2 dart slugs
  A ball python (D:1)
  2 endoplasms (D:1)
  4 goblins (D:1)
  2 hobgoblins (D:1)
  6 jackals
  4 kobolds
  A quokka (D:1)
  A frilled lizard (D:2)
  A rat (D:2)
24 creatures vanquished.

Notes
Turn   | Place    | Note
-------+----------+-------------------------------------------
     0 | D:1      | qw the Minotaur Hexslinger began the quest for the Orb.
     0 | D:1      | Reached XP level 1. HP: 16/16 MP: 1/1
     0 | D:1      | 0 ||| qw: Version: 0.3-a-46-gb1f654a
     0 | D:1      | 0 ||| qw: Game counter: 1795
     0 | D:1      | 0 ||| qw: Melee chars always use a shield: true
     0 | D:1      | 0 ||| qw: God list: Okawaru
     0 | D:1      | 0 ||| qw: Allow faded altars: false
     0 | D:1      | 0 ||| qw: Do Orc after clearing Dungeon:15 true
     0 | D:1      | 0 ||| qw: Do second Lair branch before Depths: true
     0 | D:1      | 0 ||| qw: Lair rune preference: random
     0 | D:1      | 0 ||| qw: Goals: Normal
     0 | D:1      | 0 ||| PLANNING D:1-11
   177 | D:1      | Reached skill level 3 in Ranged Weapons
   177 | D:1      | Reached XP level 2. HP: 23/23 MP: 2/2
   185 | D:1      | HP: 4/23 [jackal (3)]
   609 | D:1      | 609 ||| READING scroll labelled KASABROLIR.
   710 | D:1      | 710 ||| READING scroll labelled LIOZIPPUSEO.
   715 | D:1      | 715 ||| READING scroll labelled RICKEE SIVVEATH.
   716 | D:1      | 716 ||| DRINKING 3 viscous white potions.
   717 | D:1      | 717 ||| DROPPING scroll of poison.
   760 | D:2      | Reached XP level 3. HP: 29/29 MP: 3/3
   809 | D:2      | Noticed Sigmund
   815 | D:2      | Slain by Sigmund

Levels and vault maps discovered:
D:1:      lightli_arrival_windingriver, layout_basic, minmay_tripent
D:2:      minmay_wonky_spiral, layout_basic, kennysheep_generic_room_7,
          uniq_sigmund

Skill      XL: |  1  2 |
---------------+-------+-----
Ranged Weapons | 3 |  3.7
Fighting       | 2 |  2.0
Dodging        | |  2.1
Spellcasting   | |  1.0
Hexes          | |  2.0

Action                     || total
---------------------------++-------
   Fire: Sling             ||    69
    Use: Scroll            ||     3
         Potion            ||     1
 Armour: Robe              ||    11
  Dodge: Dodged            ||    28

Table legend:
 A = Non-vault XP
 B = Vault XP
 C = Vault XP percentage of total XP
 D = Non-vault monster count
 E = Vault monster count
 F = Vault count percentage of total count
                 A         B        C        D         E       F
            +---------+---------+-------+---------+---------+-------
      Total |      46 |       3 |   6.1 |      22 |       2 |   8.3
            +---------+---------+-------+---------+---------+-------
        D:1 |      34 |       3 |   8.1 |      16 |       2 |  11.1
        D:2 |      12 |       0 |   0.0 |       6 |       0 |   0.0
            +---------+---------+-------+---------+---------+-------
